 Dungeon Crawl Stone Soup version 0.18.1-48-g4cf74bf (webtiles) character file.

28 Gargoyl the Skirmisher (level 3, 29/29 HPs)
             Began as a Demonspawn Abyssal Knight on Aug 22, 2016.
             Was a Follower of Lugonu.
             Quit the game on level 1 of the Dungeon.
             The game lasted 00:01:40 (1271 turns).

Gargoyl the Skirmisher (Demonspawn Abyssal Knight)  Turns: 1271, Time: 00:01:40

Health: 29/29      AC: 11    Str: 13    XL:     3   Next: 0%
Magic:  4/4        EV:  3    Int: 13    God:    Lugonu [*.....]
Gold:   59         SH:  0    Dex: 12    Spells: 0 memorised, 2 levels left

rFire  . . .     SeeInvis .     a - +1 hand axe
rCold  . . .     Gourm    .     h - +0 plate armour
rNeg   . . .     Faith    .     (no shield)
rPois  .         Spirit   +     (helmet restricted)
rElec  .         Dismiss  .     (no cloak)
rCorr  .         Reflect  .     (no gloves)
SustAt .         Harm     .     (no boots)
MR     .....                    (no amulet)
Stlth  ..........               (no ring)
                                (no ring)

@: not resistant to hostile enchantments, extremely unstealthy
A: antennae 1, magic shield
a: Depart the Abyss, Renounce Religion


You were on level 1 of the Dungeon.
You worshipped Lugonu.
Lugonu was aware of your devotion.
You were not hungry.

You visited 1 branch of the dungeon, and saw 1 of its levels.
You visited the Abyss 1 time.

You collected 59 gold pieces.

Inventory:

Hand Weapons
 a - a +1 hand axe (weapon)
Missiles
 e - 7 tomahawks (quivered)
Armour
 h - a +0 plate armour (worn)
Scrolls
 k - a scroll of amnesia {unknown}
Potions
 d - a potion of lignification {unknown}
 g - a potion of brilliance {unknown}
 i - a potion of berserk rage {unknown}
 j - a potion of agility {unknown}
Comestibles
 c - a bread ration
 f - 2 meat rations


   Skills:
 + Level 3.5 Fighting
 + Level 2.0 Axes
 * Level 2.3 Armour
 + Level 0.8 Dodging
 + Level 0.2 Stealth
 + Level 2.5 Invocations


You had 2 spell levels left.
You didn't know any spells.

Dungeon Overview and Level Annotations

Branches:
Dungeon (1/15)

Altars:


Innate Abilities, Weirdness & Mutations

You have a pair of small antennae on your head.
When hurt, damage is shared between your health and your magic reserves.


Message History

You slash the kobold!
You kill the kobold!
Lugonu accepts your kill.
Your Axes skill increases to level 2!
You see here a dagger of speed.
You see here 17 stones.
Some of the chunks of flesh in your inventory have rotted away.
You see here a robe.
Found a stone staircase leading down.
All of the chunks of flesh in your inventory have rotted away.
A rat comes into view.
You hit the rat.
You kill the rat!
Lugonu accepts your kill.
You have reached level 3!
Your experience leads to an increase in your attributes!
Increase (S)trength, (I)ntelligence, or (D)exterity?
You feel stronger.
Your demonic ancestry asserts itself...
You feel your magical essence form a protective shroud around your flesh.
Are you sure you want to abandon this character and quit the game? (Confirm with "yes".)

####.....# ###...#..
##########.##.#####...#.#..
##.....#.....#.......###....
##...........................
#................#####.......
#...†...................##..#
#.......................##...
#.......................##...
#..........†@...........##...
##.[...........#........#....
##.....#.....##........#....
#########.####..........)..
#.# #..........### ..#
############ ...# ....


There were no monsters in sight!

Vanquished Creatures
  2 dart slugs (D:1)
  A giant gecko (D:1)
  5 bats (D:1)
  A hobgoblin (D:1)
  A ball python (D:1)
  A giant newt (D:1)
  6 goblins (D:1)
  3 kobolds (D:1)
  2 rats (D:1)
22 creatures vanquished.

Notes
Turn   | Place    | Note
--------------------------------------------------------------
     0 | Abyss:1  | Gargoyl the Demonspawn Abyssal Knight began the quest for the Orb.
     0 | Abyss:1  | Reached XP level 1. HP: 18/18 MP: 2/2
    49 | Abyss:1  | Found a roughly hewn altar of Beogh.
    64 | Abyss:1  | Found a roughly hewn altar of Beogh.
    99 | Abyss:1  | Noticed a flying skull
   101 | Abyss:1  | Noticed a small abomination
   108 | D:1      | Escaped the Abyss
   686 | D:1      | Gained mutation: You have a pair of small antennae on your head. [demonic ancestry]
   686 | D:1      | Reached XP level 2. HP: 23/24 MP: 3/3
   923 | D:1      | Reached * piety under Lugonu
  1270 | D:1      | Gained mutation: When hurt, damage is shared between your health and your magic reserves. [demonic ancestry]
  1270 | D:1      | Reached XP level 3. HP: 29/29 MP: 4/4
  1271 | D:1      | Quit the game

Skill      XL: |  1  2 |
---------------+-------+-----
Armour         | 2 |  2.3
Axes           | 2 |  2.0
Fighting       | |  3.5
Dodging        | |  0.8
Stealth        | |  0.2
Invocations    | |  2.5

Action                   || total
-------------------------++-------
Melee: Hand axe          ||    71
Invok: Depart the Abyss  ||     1
 Stab: Sleeping          ||     1
  Eat: Chunk             ||     1
Armor: Leather armour    ||     9
       Plate armour      ||    45
Dodge: Dodged            ||    24
